Map: Purity and Industry LE

Players

HavenCat

  • Race: Terran Terran
  • Spawn Location: 3:00

JohnnyV - Winner!

  • Race: Terran Terran
  • League: Silver
  • Spawn Location: 12:00

VOD

Have the link to the VOD?

Description

Time

  • Played on: May 18, 2020, 3:20 p.m.
  • Length: 9:16
Show
View Real Time Build Order
Export as new Build Order

HavenCat Terran 

Build Orders: Gas First Reaper Expand 

Get SALT Encoding   

  12  0:01  SCV  
  13  0:15  SCV  
  13  0:19  Supply Depot  
  14  0:27  SCV  
  15  0:34  Refinery  
  15  0:42  Barracks  
  15  0:48  SCV  
  16  1:00  SCV  
  17  1:12  SCV  
  17  1:14  Supply Depot  
  19  1:28  Orbital Command  
  19  1:29  Reaper  
  19  1:41  Bunker  
  19  1:55  SCV  
  20  2:05  Command Center  
  20  2:09  Barracks Reactor  
  20  2:22  Barracks  
  20  2:28  SCV  
  19  2:46  Marine x2  
  19  2:48  SCV  
  22  3:00  SCV  
  22  3:03  Marine  
  22  3:04  Marine  
  25  3:16  SCV  
  25  3:19  Engineering Bay, Factory  
  26  3:21  Marine x2  
  28  3:28  SCV  
  28  3:34  Barracks Tech Lab  
  29  3:38  Orbital Command  
  29  3:41  SCV  
  29  3:44  Marine x2  
  32  3:54  SCV  
  33  4:06  SCV  
  34  4:16  Starport  
  34  4:17  Factory Reactor  
  34  4:18  Marine x2  
  34  4:19  Marine  
  34  4:21  Stimpack  
  34  4:22  SCV  
  38  4:25  Refinery  
  38  4:28  SCV, Refinery  
  39  4:34  SCV  
  40  4:53  Marine x2  
  42  5:03  Medivac  
  42  5:04  Factory Tech Lab  
  42  5:06  Supply Depot  
  43  5:18  Marine  
  43  5:19  Marine  
  45  5:22  Supply Depot  
  44  5:48  Marine  
  44  5:49  Marine  
  46  5:50  Siege Tank  
  46  5:51  Medivac x2  
  53  5:59  Missile Turret  
  53  6:02  Missile Turret  
  53  6:09  Supply Depot  
  53  6:12  SCV x2  
  53  6:13  Marine  
  53  6:14  Marauder, Marine  
  59  6:31  Marine, Siege Tank  
  59  6:32  Refinery, Marine  
  64  6:36  Marauder  
  64  6:37  Medivac  
  68  6:43  SCV x2  
  70  6:57  Supply Depot  
  70  6:58  Supply Depot  
  70  7:00  Missile Turret  
  70  7:09  Marauder  
  70  7:10  Marine  
  70  7:11  Marine  
  64  7:18  Siege Tank  
  62  7:27  Marine  
  63  7:30  Marine  
  63  7:31  Marauder  
  63  7:35  Combat Shield  
  66  7:42  Barracks x2  
  66  7:45  Marine  
  66  7:48  SCV x2  
  66  7:49  Marine  
  70  7:52  Marauder  
  70  7:54  Missile Turret  
  72  8:03  Marine  
  71  8:14  Marauder  
  60  8:20  Marine  
  58  8:31  Marine x3  
  58  8:33  Siege Tank  
  64  8:35  Marauder  
  59  8:47  Marine  
Show
View Real Time Build Order
Export as new Build Order

JohnnyV Terran - Winner!

Build Orders: Liberator Opening 

Get SALT Encoding   

  12  0:01  SCV  
  13  0:16  Supply Depot  
  13  0:18  SCV  
  14  0:26  Refinery  
  14  0:30  SCV  
  15  0:42  Barracks  
  15  0:45  SCV  
  16  0:58  SCV  
  17  1:08  Refinery  
  17  1:10  SCV  
  18  1:22  SCV  
  19  1:30  Reaper  
  20  1:34  SCV  
  20  1:38  Bunker  
  21  1:42  Supply Depot  
  21  1:47  Factory  
  21  1:49  SCV  
  22  2:01  Orbital Command  
  22  2:13  Barracks Tech Lab  
  22  2:25  Supply Depot  
  22  2:38  Marine  
  22  2:42  Factory Reactor  
  23  2:56  Marine  
  23  3:14  Starport  
  23  3:24  Command Center  
  23  3:25  Refinery  
  23  3:43  SCV  
  23  3:48  Engineering Bay, Marine x2  
  26  3:49  Siege Tank  
  29  3:55  SCV  
  29  3:58  Liberator  
  32  4:20  Marine x2  
  34  4:26  Terran Infantry Armor Level 1  
  34  4:31  Siege Tank  
  37  4:43  Marine  
  37  4:44  Marine  
  39  4:47  Starport Tech Lab  
  39  4:58  Orbital Command  
  39  5:06  Marine x2  
  41  5:07  Siege Tank  
  41  5:11  Supply Depot  
  44  5:20  Viking  
  46  5:54  Marine x2  
  46  5:55  Siege Tank  
  51  6:03  Medivac  
  53  6:12  SCV x2  
  53  6:14  Marine x2  
  57  6:25  Terran Infantry Weapons Level 1  
  57  6:33  Barracks  
  57  6:35  Barracks  
  57  6:37  Supply Depot  
  57  6:46  SCV x2  
  59  6:51  Supply Depot  
  59  7:02  Medivac  
  42  7:30  Marine x3  
  42  7:31  Marine  
  42  7:33  Siege Tank  
  42  7:34  Medivac  
  51  7:44  SCV  
  51  7:45  SCV  
  51  7:48  Marine x3  
  56  7:57  SCV x2  
  58  7:59  Marine  
  59  8:06  Marine  
  59  8:09  SCV x2  
  56  8:37  Marine x4  
  54  8:54  Marine x2  
  54  8:55  Marine x2  
Tags
 
Add a new tag
Caveats
  • Supply blocks, unpowered buildings, or Contaminate may cause inaccurate times.
  • Supply counts are checked every 10 seconds.